[Event "Live Chess"]
[Site "Chess.com"]
[Date "2024.06.02"]
[Round "-"]
[White "Mikhail_Golubev"]
[Black "ShanthamGrarks"]
[Result "1/2-1/2"]
[WhiteElo "2545"]
[BlackElo "1906"]
[TimeControl "300"]
[EndTime "20:07:39 PDT"]
[Termination "Game drawn by repetition"]

1. e4 e5 2. Nf3 d5 3. d3 dxe4 4. dxe4 Qxd1+ 5. Kxd1 f6 6. Be3 Be6 7. Nbd2 Nd7 8. Bc4 Bxc4 9. Nxc4 Bc5 10. Ke2 O-O-O 11.
Rhd1 Bxe3 12. Nxe3 Ne7 13. Nh4 g6 14. Rd2 Nb6 15.
Rad1 Rxd2+ 16. Rxd2 Rd8 17. Nf3 Nc6 18. b3 Rxd2+ 19.
Kxd2 Kd7 20. c4 Ne7 21. c5 Nbc8 22. Kc3 c6 23. Nc4 Ke6 24. b4 b5 25. cxb6 axb6 26. Ne1 b5 27. Na5 Nb6 28. Nd3 Na4+ 29. Kb3 Kd6 30.
Nb7+ Kc7 31. Nbc5 Nxc5+ 32. Nxc5 Kd6 33. a4 bxa4+ 34. Kxa4 Nc8 35. Ka5 Na7 36. Kb6 Nb5 37.
Nb7+ Kd7 38. Kc5 Nc3 39. f3 Kc7 40. Na5 Na4+ 41. Kc4 Kb6 42. Nb3 Nb2+ 43. Kc3 Nd1+ 44. Kd2 Nb2 45. Kc3 Nd1+ 46. Kd2 Nb2 47. Kc3 1/2-1/2

[Event "Live Chess"]
[Site "Chess.com"]
[Date "2024.06.02"]
[Round "-"]
[White "NeilDruggan73"]
[Black "MagnersCarlsberg2870"]
[Result "0-1"]
[WhiteElo "1783"]
[BlackElo "1829"]
[TimeControl "300"]
[EndTime "20:08:10 PDT"]
[Termination "MagnersCarlsberg2870 won by checkmate"]

1. d4 e5 2. dxe5 Nc6 3. Nf3 d6 4. exd6 Bxd6 5. c3 Nf6 6. g3 Ng4 7. Bg2 h5 8. h3 Nge5 9. Be3 Nc4 10. Bc1 Qe7 11. b3 N4e5 12. O-O h4 13. g4 Nxg4 14. hxg4 h3 15. Bh1 h2+ 16. Kg2 Bxg4 17. Qd3 O-O-O 18. Qe3 Bh3# 0-1

[Event "Live Chess"]
[Site "Chess.com"]
[Date "2024.06.02"]
[Round "-"]
[White "juniortay"]
[Black "booktrunk"]
[Result "1-0"]
[WhiteElo "2425"]
[BlackElo "1510"]
[TimeControl "300"]
[EndTime "20:08:22 PDT"]
[Termination "juniortay won by resignation"]

1. e4 b6 2. Nf3 Bb7 3. Nc3 e6 4. a3 Nf6 5. e5 Nd5 6. d4 Nxc3 7. bxc3 h6 8. Bd3 Be7 9. Qe2 d6 10. Be4 Bxe4 11. Qxe4 d5 12. Qg4 g6 13. h4 h5 14.
Qf4 Rf8 15. Ng5 Nc6 16. g4 Qd7 17. Nh7 Rh8 18. Nf6+ Bxf6 19. Qxf6 Rh7 20. Bg5 Qe7 21. Qf4 Qf8 22. Qf6 Qe7 23. Qf3 Qf8 24. c4 Ne7 25.
cxd5 Nxd5 26. c4 Kd7 27. cxd5 b5 28. gxh5 Rxh5 29. Ke2 b4 30. dxe6+ fxe6 31. Qxf8 Rxf8 32.
axb4 Rhh8 33. Rxa7 Rc8 34. Rc1 Rhf8 35. b5 1-0

[Event "Live Chess"]
[Site "Chess.com"]
[Date "2024.06.02"]
[Round "-"]
[White "KeithArkell"]
[Black "McFim"]
[Result "1-0"]
[WhiteElo "2433"]
[BlackElo "1639"]
[TimeControl "300"]
[EndTime "20:08:51 PDT"]
[Termination "KeithArkell won on time"]

1. d4 d5 2. Nf3 Nf6 3. c4 e6 4.
cxd5 exd5 5. Nc3 c6 6. Bg5 Bd6 7. e3 h6 8. Bh4 O-O 9. Bd3 Nbd7 10. O-O Re8 11. Rb1 a5 12. a3 Be7 13. b4 axb4 14.
axb4 b5 15. Ne5 Bb7 16. Nxd7 Qxd7 17. Bxf6 Bxf6 18. Ne2 Ra7 19. Ra1 Rea8 20. Rxa7 Rxa7 21. Qc2 Be7 22. Rb1 Ra4 23. Nf4 Rxb4 24. Rxb4 Bxb4 25. g3 Bd6 26. Bh7+ Kf8 27. Nd3 Bc8 28. h4 Qc7 29. Kg2 Bd7 30. h5 Qd8 31. Qa2 Qe8 32. Qa7 Ke7 33.
Nc5 Bxc5 34. Qxc5+ Kd8 35. Bd3 Qe6 36. Qb6+ Ke7 37.
Be2 Qh3+ 38. Kg1 Qf5 39. Qc5+ Ke8 40. g4 Qe6 41. Qb6 g6 42. hxg6 fxg6 43. Kg2 Kf7 44. Qb7 Kf6 45. Kg3 Qd6+ 46. f4 g5 47. Qa8 gxf4+ 48.
exf4 Kg7 49. Qd8 Qe6 50. Bf3 Qe1+ 51. Kg2 Qe8 52. Qc7 Kf6 53. f5 Qe7 54. Qf4 Kg7 55. Kg3 Qf6 56. Qc7 Qf7 57. Kf4 1-0

[Event "Live Chess"]
[Site "Chess.com"]
[Date "2024.06.02"]
[Round "-"]
[White "GwaryTek"]
[Black "Dhaydon19"]
[Result "0-1"]
[WhiteElo "1897"]
[BlackElo "2686"]
[TimeControl "300"]
[EndTime "20:12:04 PDT"]
[Termination "Dhaydon19 won on time"]

1. d4 e6 2. c4 d5 3. Nc3 Nf6 4.
Nf3 dxc4 5. a4 a6 6. e4 Be7 7.
Bxc4 c5 8. O-O cxd4 9. Nxd4 Qc7 10. Qe2 Nc6 11. Nxc6 bxc6 12. Be3 O-O 13. a5 Nd7 14. f4 Nf6 15. Bb6 Qb8 16. Rad1 Nd7 17. Rxd7 Bxd7 18. e5 Bd8 19. Bc5 Bxa5 20. Bd3 Bb6 21. b4 a5 22.
Bxh7+ Kxh7 23. Qh5+ Kg8 24. Ne4 Bxc5+ 25. bxc5 Qb4 26.
Ng5 Qxc5+ 27. Kh1 Qc2 28. f5 Rfe8 29. Qxf7+ Kh8 30. Qh5+ Kg8 31. Qh7+ Kf8 32. fxe6+ Ke7 33. Qxc2 Bxe6 34. Qc5+ Kd7 35. Rd1+ Kc7 36. Qd6+ Kb7 37. Rb1+ Kc8 38. Nxe6 Rxe6 39. Qxe6+ Kc7 40. Qd6+ Kc8 41.
Rb6 Ra7 42. Rxc6+ Kb7 0-1

[Event "Live Chess"]
[Site "Chess.com"]
[Date "2024.06.02"]
[Round "-"]
[White "juniortay"]
[Black "ShanthamGrarks"]
[Result "1-0"]
[WhiteElo "2426"]
[BlackElo "1905"]
[TimeControl "300"]
[EndTime "20:12:33 PDT"]
[Termination "juniortay won by resignation"]

1. e4 e6 2. Nf3 b6 3. Nc3 Bb7 4. a3 c5 5. d4 cxd4 6. Nxd4 Nc6 7. Nxc6 dxc6 8. Bd3 Nf6 9. O-O Be7 10. e5 Nd5 11. Ne4 c5 12. Qg4 O-O 13. Bh6 g6 14. Bxf8 Qxf8 15.
Rad1 Qg7 16. Qg3 Rd8 17. c4 Nc7 18. Bc2 Rd4 19. Rxd4 cxd4 20. Rd1 Bxe4 21. Bxe4 Na6 22. b4 Nxb4 23. axb4 Bxb4 24. Rxd4 h5 25. h4 Bc5 26. Rd7 a5 27. Ra7 Bd4 28. Qg5 Bxe5 29. Ra8+ Kh7 30.
Qxh5+ Qh6 31. Qxe5 1-0

[Event "Live Chess"]
[Site "Chess.com"]
[Date "2024.06.02"]
[Round "-"]
[White "McFim"]
[Black "Mangoalo"]
[Result "1-0"]
[WhiteElo "1640"]
[BlackElo "1068"]
[TimeControl "300"]
[EndTime "20:12:44 PDT"]
[Termination "McFim won by resignation"]

1. e4 e5 2. Nf3 Nc6 3. Bb5 a6 4. Ba4 b5 5. Bb3 Bc5 6. O-O Nf6 7. Nxe5 Nxe5 8. d4 Bxd4 9. Qxd4 Qe7 10. f4 Nc6 11. Qd3 O-O 12. Nc3 d6 13. h3 Be6 14.
Bd5 Nxd5 15. exd5 Bxh3 16. Qxh3 Nd4 17. Qd3 1-0

[Event "Live Chess"]
[Site "Chess.com"]
[Date "2024.06.02"]
[Round "-"]
[White "Dhaydon19"]
[Black "booktrunk"]
[Result "1-0"]
[WhiteElo "2686"]
[BlackElo "1510"]
[TimeControl "300"]
[EndTime "20:12:49 PDT"]
[Termination "Dhaydon19 won by resignation"]

1. d4 e6 2. Nf3 d5 3. g3 c5 4.
c3 cxd4 5. cxd4 Bb4+ 6. Bd2 Bxd2+ 7. Qxd2 Nf6 8. Nc3 Qa5 9. Bg2 Ne4 10. Nxe4 Qxd2+ 11. Nexd2 1-0

[Event "Live Chess"]
[Site "Chess.com"]
[Date "2024.06.02"]
[Round "-"]
[White "NeilDruggan73"]
[Black "Mikhail_Golubev"]
[Result "0-1"]
[WhiteElo "1783"]
[BlackElo "2545"]
[TimeControl "300"]
[EndTime "20:14:23 PDT"]
[Termination "Mikhail_Golubev won by resignation"]

1. d4 d6 2. Bg5 Nd7 3. e4 Ngf6 4. Nd2 e5 5. Ngf3 exd4 6. Nxd4 g6 7. Bc4 Bg7 8. O-O O-O 9. c3 h6 10. Bh4 Re8 11.
Qb3 Ne5 12. f4 Nxc4 13. Qxc4 d5 14. Qd3 dxe4 15. Nxe4 Bf5 16. Nxf6+ Bxf6 17. Bxf6 Bxd3 18. Bxd8 Bxf1 19. Rxf1 Raxd8 20. b4 Re3 21. Rf3 Rxf3 22. Nxf3 Rd3 23. c4 Ra3 24. Nd4 Rxa2 25. Nb5 c6 26. Nd6 Rb2 27. b5 cxb5 28. cxb5 a5 29. Nxb7 a4 30.
Nc5 a3 31. Nd3 Rb1+ 32. Kf2 a2 0-1

[Event "Live Chess"]
[Site "Chess.com"]
[Date "2024.06.02"]
[Round "-"]
[White "RafaelRony"]
[Black "grillage"]
[Result "0-1"]
[WhiteElo "1063"]
[BlackElo "1860"]
[TimeControl "300"]
[EndTime "20:14:44 PDT"]
[Termination "grillage won on time"]

1. e4 d5 2. exd5 Qxd5 3. Nc3 Qd8 4. Nf3 Nf6 5. Bc4 a6 6. a4 Nc6 7. O-O Bg4 8. h3 Bh5 9. Re1 e6 10. d3 Be7 11. Be3 O-O 12. g4 Bg6 13. Kg2 Bd6 14. g5 Nh5 15. d4 Nf4+ 16. Bxf4 Bxf4 17. h4 Bh5 18. Re4 Bd6 19. Be2 Bg6 20. Re3 Ne7 21. Bd3 Bxd3 22. Qxd3 Nf5 23. Ree1 c6 24. Rh1 Bc7 25. Rh2 Bb6 26. Rhh1 Nxd4 27. Rad1 Nxf3 28. Qxf3 Qc7 29. h5 Rad8 30. Rxd8 Qxd8 31. Qg4 Qd2 32. Rf1 Rd8 33. h6 g6 34. Qf3 Qxg5+ 35.
Kh1 Qxh6+ 36. Kg2 Qg5+ 37. Qg3 Qxg3+ 0-1

[Event "Live Chess"]
[Site "Chess.com"]
[Date "2024.06.02"]
[Round "-"]
[White "NeilDruggan73"]
[Black "RafaelRony"]
[Result "1-0"]
[WhiteElo "1783"]
[BlackElo "1063"]
[TimeControl "300"]
[EndTime "20:17:04 PDT"]
[Termination "NeilDruggan73 won by resignation"]

1. d4 e6 2. Nf3 d5 3. Bg5 Be7 4. Bf4 Nf6 5. Nbd2 Bd6 6. Bg3 c5 7. e3 Nc6 8. c3 cxd4 9. Nxd4 Qc7 10. Nb5 Bxg3 11. Nxc7+ Bxc7 12. Bb5 a6 13. Ba4 b5 14. Bc2 Bd6 15. Nf3 Bd7 16. Nd4 Rc8 17. a4 bxa4 18. Bxa4 Nxd4 19. Bxd7+ Nxd7 20. cxd4 Rc6 21. O-O 1-0

[Event "Live Chess"]
[Site "Chess.com"]
[Date "2024.06.02"]
[Round "-"]
[White "Dhaydon19"]
[Black "McFim"]
[Result "1-0"]
[WhiteElo "2686"]
[BlackElo "1640"]
[TimeControl "300"]
[EndTime "20:17:22 PDT"]
[Termination "Dhaydon19 won by resignation"]

1. d4 d5 2. Nf3 Nf6 3. c4 e6 4. e3 Be7 5. Qc2 b6 6. Nc3 O-O 7. Be2 Bb7 8. O-O Nbd7 9. Rd1 c6 10.
b3 Qc8 11. Bb2 Rd8 12. Rac1 Qc7 13. Ne5 Rac8 14. f4 Qb8 15. Qb1 c5 16. cxd5 Nxd5 17. Nxd5 Bxd5 18. e4 Bb7 19. d5 exd5 20. exd5 Bd6 21. Bg4 Rc7 22. Nxd7 Rcxd7 23. Bxd7 Rxd7 24. Qf5 Rd8 25. Qg4 g6 26. Qg5 f5 27. Qf6 Qc7 28.
Qh8+ Kf7 29. Qxh7+ Kf8 30. Qh8+ Kf7 31. Qg7+ Ke8 32.
Re1+ 1-0

[Event "Live Chess"]
[Site "Chess.com"]
[Date "2024.06.02"]
[Round "-"]
[White "MagnersCarlsberg2870"]
[Black "IgorSchukin"]
[Result "1-0"]
[WhiteElo "1836"]
[BlackElo "1757"]
[TimeControl "300"]
[EndTime "20:17:40 PDT"]
[Termination "MagnersCarlsberg2870 won on time"]

1. d4 d5 2. e3 Nf6 3. Bd3 g6 4. c4 Bg7 5. cxd5 Nxd5 6. Nc3 Nxc3 7. bxc3 c5 8. Ne2 O-O 9. Kf1 Qa5 10. Bd2 Nc6 11. c4 Qa3 12. Bc1 Qa6 13. Bb2 Bf5 14.
Bxf5 gxf5 15. Ng3 e6 16. Qe2 cxd4 17. Nh5 Rad8 18. Nxg7 Kxg7 19. exd4 Nxd4 20. Bxd4+ Rxd4 21. Qe5+ f6 22. Qxd4 b5 23. g3 bxc4 24. Kg2 Qc6+ 25.
f3 Rb8 26. Qxa7+ Rb7 27. Qf2 c3 28. Rhe1 e5 29. Rac1 e4 30. Kh1 exf3 31. Re3 Rb2 32. Qxf3 Qxf3+ 33. Rxf3 Rxa2 34. Rfxc3 Kg6 35. R3c2 Ra5 36.
Kg2 h5 37. h4 Ra4 38. Rc6 f4 39. Rf1 fxg3 40. Rfxf6+ Kg7 41. Kxg3 Ra3+ 42. Rf3 Ra4 43. Rc7+ Kg6 44. Rc5 Rg4+ 45. Kh3 Ra4 46. Rg5+ Kh6 47. Rf6+ Kh7 48. Rxh5+ Kg7 49. Rf3 Kg6 50. Rg5+ Kh6 51. Rg4 Ra1 52. Rf6+ Kh7 53. Rg3 Rh1+ 54. Kg4 Rh2 55.
Kg5 Ra2 56. Rf7+ 1-0

[Event "Live Chess"]
[Site "Chess.com"]
[Date "2024.06.02"]
[Round "-"]
[White "KeithArkell"]
[Black "juniortay"]
[Result "1-0"]
[WhiteElo "2441"]
[BlackElo "2418"]
[TimeControl "300"]
[EndTime "20:17:48 PDT"]
[Termination "KeithArkell won by resignation"]

1. d4 Nf6 2. Nf3 g6 3. c4 Bg7 4. g3 d6 5. Bg2 O-O 6. O-O c6 7. Nc3 Qa5 8. e4 Bg4 9. h3 Bxf3 10. Bxf3 Nbd7 11. Be3 a6 12. a3 c5 13. e5 dxe5 14.
dxc5 Qc7 15. b4 e4 16. Nxe4 Nxe4 17. Bxe4 Nf6 18. Bf3 Rfd8 19. Qc2 e5 20. Rad1 Re8 21. Bd5 Rad8 22. a4 Nh5 23. b5 e4 24. Kg2 Kh8 25.
b6 Qc8 26. Bxe4 f5 27. Rxd8 Rxd8 28. Bf3 Nf6 29. Rd1 Re8 30. Rd6 Ne4 31. Bxe4 Rxe4 32.
Qd3 Re8 33. Qd5 1-0

[Event "Live Chess"]
[Site "Chess.com"]
[Date "2024.06.02"]
[Round "-"]
[White "Mangoalo"]
[Black "booktrunk"]
[Result "0-1"]
[WhiteElo "1067"]
[BlackElo "1511"]
[TimeControl "300"]
[EndTime "20:18:17 PDT"]
[Termination "booktrunk won by checkmate"]

1. e4 b6 2. d4 h6 3. Nc3 Bb7 4. d5 g6 5. Nf3 Bg7 6. Bc4 a6 7. a4 Bxc3+ 8. bxc3 d6 9. O-O Nd7 10. Re1 Nc5 11. Qd4 f6 12. Ba3 Qd7 13. e5 dxe5 14.
Nxe5 fxe5 15. Rxe5 Nf6 16. Rae1 Rh7 17. Bd3 Nxd3 18.
cxd3 O-O-O 19. a5 b5 20. c4 Re8 21. Bc5 e6 22. d6 c6 23. f4 Ng4 24. h3 Nxe5 25. fxe5 Rf8 26. Rf1 Rxf1+ 27. Kxf1 Rf7+ 28. Kg1 Rf5 29. cxb5 cxb5 30. Ba7 Qc6 31. Bb6 Rg5 32. g4 Qg2# 0-1

[Event "Live Chess"]
[Site "Chess.com"]
[Date "2024.06.02"]
[Round "-"]
[White "Mikhail_Golubev"]
[Black "grillage"]
[Result "1-0"]
[WhiteElo "2545"]
[BlackElo "1860"]
[TimeControl "300"]
[EndTime "20:19:04 PDT"]
[Termination "Mikhail_Golubev won by resignation"]

1. e4 d5 2. exd5 Qxd5 3. Nf3 Bg4 4. Be2 Bxf3 5. Bxf3 Qe5+ 6. Kf1 c6 7. d4 Qc7 8. g3 Nf6 9. Kg2 e6 10. Re1 Be7 11.
c4 O-O 12. Nc3 Nbd7 13. d5 cxd5 14. cxd5 Nc5 15. Bf4 Bd6 16. Nb5 Qb6 17. Nxd6 Nxd5 18.
Bxd5 exd5 19. Qxd5 Rad8 20. Rad1 Ne6 21. Rxe6 fxe6 22.
Qxe6+ Kh8 23. Nf7+ 1-0

[Event "Live Chess"]
[Site "Chess.com"]
[Date "2024.06.02"]
[Round "-"]
[White "RafaelRony"]
[Black "ShanthamGrarks"]
[Result "0-1"]
[WhiteElo "1063"]
[BlackElo "1905"]
[TimeControl "300"]
[EndTime "20:20:38 PDT"]
[Termination "ShanthamGrarks won by resignation"]

1. e4 e6 2. Nf3 b6 3. d4 Bb7 4.
Bd3 Nf6 5. Nc3 Bb4 6. Qe2 d5 7.
e5 Ne4 8. Bd2 Nxd2 9. Qxd2 f6 10. exf6 Qxf6 11. a3 Bd6 12. Qe3 O-O 13. O-O Nd7 14.
Rfe1 Rae8 15. Nb5 Bf4 16. Qe2 a6 17. Nc3 c5 18. dxc5 Nxc5 19. Rad1 e5 20. Qf1 e4 0-1

[Event "Live Chess"]
[Site "Chess.com"]
[Date "2024.06.02"]
[Round "-"]
[White "Mangoalo"]
[Black "NeilDruggan73"]
[Result "0-1"]
[WhiteElo "1067"]
[BlackElo "1783"]
[TimeControl "300"]
[EndTime "20:22:30 PDT"]
[Termination "NeilDruggan73 won by resignation"]

1. e4 d6 2. Nf3 Nf6 3. Bc4 Nxe4 4. Qe2 Nf6 5. d4 e6 6. Bg5 d5 7. Bb3 Be7 8. c3 O-O 9. Nbd2 Nbd7 10. O-O Re8 11.
Rfe1 Nf8 12. Rad1 Ng6 13. Bc2 c6 14. Bxg6 hxg6 15. Ne5 Nh5 16. Bxe7 Qxe7 17. g4 Nf4 18. Qf3 g5 19. h3 g6 20. Kh2 Kg7 21. Rh1 Rh8 22.
Kg1 Bd7 23. Nxd7 Qxd7 24. Nf1 Rh4 25. Ne3 Rah8 26. Ng2 Rxh3 27. Rxh3 Rxh3 28. Qe2 Qd6 29. Nxf4 Qxf4 30. Qe5+ f6 31. Qxf4 gxf4 32. Kg2 Rh4 33. f3 f5 34. gxf5 gxf5 35. Rh1 Rxh1 36. Kxh1 Kg6 37.
Kh2 Kf6 38. Kh3 b6 39. b4 e5 40. dxe5+ Kxe5 0-1

[Event "Live Chess"]
[Site "Chess.com"]
[Date "2024.06.02"]
[Round "-"]
[White "juniortay"]
[Black "MagnersCarlsberg2870"]
[Result "1-0"]
[WhiteElo "2419"]
[BlackElo "1835"]
[TimeControl "300"]
[EndTime "20:22:50 PDT"]
[Termination "juniortay won by resignation"]

1. e4 d5 2. Nf3 dxe4 3. Ng5 Nf6 4. Bc4 e6 5. Nc3 h6 6. Ngxe4 Nxe4 7. Nxe4 Nc6 8. c3 Qh4 9. Qe2 Ne5 10. Bb3 Bd7 11.
d4 Ng4 12. h3 f5 13. Ng3 O-O-O 14. hxg4 Qf6 15. Bf4 fxg4 16. Be5 Qg6 17. O-O-O h5 18. Bc2 Qf7 19. Ne4 Be7 20. f4 Bf6 21. g3 a6 22. Kb1 Bb5 23. Qe3 Bxe5 24. dxe5 Rxd1+ 25. Rxd1 h4 26. Qa7 1-0

[Event "Live Chess"]
[Site "Chess.com"]
[Date "2024.06.02"]
[Round "-"]
[White "NeilDruggan73"]
[Black "booktrunk"]
[Result "1-0"]
[WhiteElo "1786"]
[BlackElo "1509"]
[TimeControl "300"]
[EndTime "20:25:02 PDT"]
[Termination "NeilDruggan73 won by checkmate"]

1. d4 b6 2. Bg5 Bb7 3. Nc3 h6 4.
Bh4 d6 5. e4 Nd7 6. Bd3 Ngf6 7.
f3 g5 8. Bf2 e5 9. d5 Bg7 10.
Qe2 Nh5 11. g3 Qe7 12. b4 a6 13. a4 O-O 14. f4 exf4 15. Qxh5 fxg3 16. hxg3 Bxc3+ 17. Kf1 Bxa1 18. Qxh6 Qf6 19. Qh7# 1-0

[Event "Live Chess"]
[Site "Chess.com"]
[Date "2024.06.02"]
[Round "-"]
[White "McFim"]
[Black "KeithArkell"]
[Result "0-1"]
[WhiteElo "1640"]
[BlackElo "2441"]
[TimeControl "300"]
[EndTime "20:25:47 PDT"]
[Termination "KeithArkell won on time"]

1. e4 c6 2. d4 d5 3. exd5 cxd5 4.
Bd3 Nf6 5. c3 Nc6 6. Bf4 Bg4 7.
Nf3 e6 8. Nbd2 Bd6 9. Bxd6 Qxd6 10. O-O O-O 11. Re1 Rab8 12. a4 a6 13. h3 Bxf3 14. Nxf3 Qc7 15. Ne5 Nxe5 16. Rxe5 g6 17. Qf3 Kg7 18.
g4 b5 19. axb5 axb5 20. g5 Nd7 21. Re3 b4 22. Bf1 bxc3 23. bxc3 Rfc8 24. Qg3 Qxg3+ 25. Rxg3 Rb3 26. Rc1 Nb6 27. Kg2 Nc4 28. Bxc4 Rxc4 29. Re3 Rb2 30. Rd1 Rc2 31. Rdd3 Ra4 32. Kg3 Ra1 33.
h4 Rg1+ 34. Kf3 Rf1 35. Kg3 Rfxf2 36. Rf3 Rxf3+ 37. Rxf3 Rc1 38. Kg4 Rg1+ 39. Kh3 Rc1 40. Kg4 Rc2 41. Kg3 Ra2 42. Kg4 Ra7 43. Kf4 h6 44. Ke5 hxg5 45. hxg5 Ra1 46. Rg3 Rf1 47. Kd6 Rf5 48. Kc5 Kf8 49. Kb4 Ke7 50. Rg4 f6 51.
gxf6+ Kxf6 52. c4 dxc4 53. Kxc4 g5 54. Kd3 Rf4 55. Rg3 Kf5 56. Ke3 g4 57. Rg1 Re4+ 58.
Kd3 Rf4 59. Ke3 Rf3+ 60. Ke2 Ra3 61. Rd1 Ke4 62. Kf2 Rf3+ 63. Kg2 Re3 64. Rd2 Kd5 65. Kf2 Re4 66. Kg3 Rxd4 67. Ra2 e5 68. Ra5+ Ke6 69. Ra6+ Kf5 70. Ra8 Rd3+ 71. Kf2 g3+ 72. Kg2 Kf4 73. Rf8+ Ke4 74. Rf7 Rc3 75. Rf8 Kd5 76. Rd8+ Ke6 77.
Re8+ Kf6 78. Rf8+ Ke7 79. Rg8 Ke6 80. Rxg3 Rxg3+ 81. Kxg3 Kd5 82. Kf3 Kd4 83. Kf2 Kd3 0-1

[Event "Live Chess"]
[Site "Chess.com"]
[Date "2024.06.02"]
[Round "-"]
[White "IgorSchukin"]
[Black "Dhaydon19"]
[Result "0-1"]
[WhiteElo "1757"]
[BlackElo "2686"]
[TimeControl "300"]
[EndTime "20:25:55 PDT"]
[Termination "Dhaydon19 won on time"]

1. e4 c6 2. d4 d5 3. Nc3 dxe4 4. Nxe4 Nf6 5. Nxf6+ exf6 6. g3 Bd6 7. Bg2 O-O 8. Ne2 Nd7 9. O-O g6 10. Bf4 Nb6 11. Bxd6 Qxd6 12. c4 Nxc4 13. Qc2 Nb6 14. Rad1 Bf5 15. Be4 Bxe4 16. Qxe4 Rfe8 17. Qf3 Rad8 18.
Rfe1 Kg7 19. h4 h5 20. Nf4 Rxe1+ 21. Rxe1 Qxd4 22. Re4 Qd1+ 23. Qxd1 Rxd1+ 24. Kg2 Rd7 25. b3 Nd5 26. Ne2 f5 27. Rc4 Re7 28. Nd4 Re4 29. f3 Re1 30. Kf2 Rd1 31. Ne2 Rd2 32. a4 Rb2 33. b4 Rxb4 34. Rxb4 Nxb4 35. Ke3 Kf6 36. Kd4 b6 37. f4 Ke6 38. Ng1 c5+ 39. Kc4 Nd5 40. Nf3 Nc7 41. Ne5 a6 42. a5 bxa5 43.
Kxc5 Nd5 44. Nc4 Nf6 45. Nxa5 Ne4+ 46. Kd4 Nxg3 47. Nb3 Ne2+ 48. Ke3 Nc3 49. Nc5+ Kf6 50. Nxa6 Ne4 51. Nc7 Nd6 52. Nd5+ Ke6 53. Nc7+ Kd7 54. Nd5 Ne4 55. Nb6+ Ke6 56. Nc4 f6 57. Nb2 Nc3 58.
Nd3 Nd5+ 59. Kf3 Kd6 60. Kg3 Kc6 61. Kf3 Kb5 62. Nb2 Nb6 63. Nd1 Kc5 64. Ke3 Nd5+ 65.
Kf3 Kd4 66. Nf2 Nc3 67. Nh3 Ne4 68. Ng1 Kd3 69. Nh3 Nd2+ 70. Kf2 Ke4 71. Kg3 Nf1+ 72.
Kf2 Ne3 73. Kg3 Nc2 74. Nf2+ Kd5 75. Nd3 Ke6 76. Nc5+ Kf7 77. Nd7 Nd4 78. Nc5 Ne6 79. Nd3 Kg7 80. Kf3 g5 81. fxg5 fxg5 82. hxg5 Nxg5+ 83.
Kf4 Kf6 84. Nc5 Ne6+ 85. Nxe6 Kxe6 86. Kg5 Ke5 87. Kxh5 f4 88. Kh4 Ke4 89. Kh3 Ke3 90. Kg2 Ke2 91. Kg1 f3 92. Kh2 f2 93. Kg3 f1=Q 0-1

[Event "Live Chess"]
[Site "Chess.com"]
[Date "2024.06.02"]
[Round "-"]
[White "Mangoalo"]
[Black "juniortay"]
[Result "0-1"]
[WhiteElo "1067"]
[BlackElo "2419"]
[TimeControl "300"]
[EndTime "20:26:20 PDT"]
[Termination "juniortay won by resignation"]

1. e4 e5 2. f4 Nf6 3. Nc3 d5 4.
exd5 e4 5. d3 Bb4 6. Bd2 e3 7. Bc1 O-O 8. Ne2 Nxd5 9. a3 Ba5 10. b4 Nxc3 11. Nxc3 Bb6 12. Qe2 Nc6 13. Bb2 Nd4 14. O-O-O Nxe2+ 15. Bxe2 a5 16. b5 c6 17. a4 cxb5 18. axb5 Bd4 19. Na4 Be6 20. Bxd4 Qxd4 21.
c4 Qa1+ 22. Kc2 Qxa4+ 0-1

[Event "Live Chess"]
[Site "Chess.com"]
[Date "2024.06.02"]
[Round "-"]
[White "ua_eagerbeaver"]
[Black "Mangoalo"]
[Result "1-0"]
[WhiteElo "2035"]
[BlackElo "1067"]
[TimeControl "300"]
[EndTime "20:28:23 PDT"]
[Termination "ua_eagerbeaver won by checkmate"]

1. e3 e6 2. d4 d5 3. c4 Nc6 4.
Nc3 Bb4 5. Qb3 Bxc3+ 6. bxc3 dxc4 7. Bxc4 Nf6 8. Nf3 O-O 9. Bd3 Re8 10. O-O h6 11. a4 a5 12. Bb1 b6 13. Qc2 Ne7 14. Ne5 Ned5 15. e4 Ne7 16. Ba3 Nd7 17. Ng4 Ng6 18. f4 f5 19. Ne5 Ngxe5 20. fxe5 fxe4 21. Qxe4 Rf8 22. Qh7# 1-0

[Event "Live Chess"]
[Site "Chess.com"]
[Date "2024.06.02"]
[Round "-"]
[White "ShanthamGrarks"]
[Black "Mikhail_Golubev"]
[Result "1-0"]
[WhiteElo "1924"]
[BlackElo "2529"]
[TimeControl "300"]
[EndTime "20:28:46 PDT"]
[Termination "ShanthamGrarks won on time"]

1. d4 g6 2. Nc3 d5 3. e4 dxe4 4.
f3 e3 5. Bxe3 Bg7 6. Bc4 Nf6 7.
Nge2 O-O 8. Qd2 Nbd7 9. h4 Nb6 10. Bb3 a5 11. a4 h5 12. Nf4 Bf5 13. O-O-O c6 14.
Rhg1 Nbd5 15. Ncxd5 cxd5 16. g4 hxg4 17. fxg4 Nxg4 18. Rxg4 Bxg4 19. Rg1 Qd7 20. h5 gxh5 21. Bxd5 Ra6 22. Bb3 Rd6 23. c3 e5 24. Nxh5 Bxh5 25.
Rxg7+ Kxg7 26. Qg2+ Rg6 27. Qh2 Qg4 28. Qxe5+ Kh7 29.
Bc2 Qf3 30. Kb1 Qf1+ 31. Ka2 Qc4+ 32. b3 Qe2 33. Kb1 f5 34. Qe7+ Kg8 35. b4 Rf7 36. Qe8+ Kg7 37. bxa5 1-0

[Event "Live Chess"]
[Site "Chess.com"]
[Date "2024.06.02"]
[Round "-"]
[White "McFim"]
[Black "IgorSchukin"]
[Result "0-1"]
[WhiteElo "1635"]
[BlackElo "1762"]
[TimeControl "300"]
[EndTime "20:28:54 PDT"]
[Termination "IgorSchukin won by resignation"]

1. e4 c5 2. Nf3 e6 3. Nc3 Nc6 4. Bb5 Qc7 5. Bxc6 Qxc6 6. d3 a6 7. O-O Nf6 8. h3 Be7 9. b3 b5 10. Bb2 Bb7 11. Qe2 O-O 12. Nd1 Rae8 13. Ne3 d5 14. e5 Nd7 15. c4 f6 16. exf6 Bxf6 17.
Bxf6 Nxf6 18. Qd2 d4 19. Ng4 Nxg4 20. hxg4 Rxf3 21. gxf3 Qxf3 0-1

[Event "Live Chess"]
[Site "Chess.com"]
[Date "2024.06.02"]
[Round "-"]
[White "Delacorta"]
[Black "ua_eagerbeaver"]
[Result "0-1"]
[WhiteElo "1540"]
[BlackElo "2036"]
[TimeControl "300"]
[EndTime "20:30:06 PDT"]
[Termination "ua_eagerbeaver won by resignation"]

1. d4 c6 2. Nf3 d5 3. e3 Nf6 4. Nbd2 Bg4 5. Be2 e6 6. b3 Bd6 7.
Bb2 O-O 8. h3 Bh5 9. g4 Bg6 10.
Ne5 Nbd7 11. Nxg6 fxg6 12. f4 Qc7 13. a4 Bxf4 14. exf4 Qxf4 15. Rf1 Qg3+ 16. Rf2 Ne4 17. Nxe4 dxe4 18. Kd2 e3+ 19. Kc1 exf2 20. d5 exd5 21. Qf1 Rae8 0-1

[Event "Live Chess"]
[Site "Chess.com"]
[Date "2024.06.02"]
[Round "-"]
[White "booktrunk"]
[Black "KeithArkell"]
[Result "0-1"]
[WhiteElo "1509"]
[BlackElo "2441"]
[TimeControl "300"]
[EndTime "20:31:24 PDT"]
[Termination "KeithArkell won by resignation"]

1. g3 d5 2. Bg2 Nf6 3. d4 Bf5 4. Nc3 c6 5. Nf3 g6 6. Nh4 Be6 7. Nf3 Bg7 8. Ng5 Bf5 9. Nf3 O-O 10. Nh4 Be4 11. Bxe4 dxe4 12. e3 Nbd7 13. Ng2 e5 14. dxe5 Nxe5 15. Qxd8 Nf3+ 16. Ke2 Raxd8 17. Ne1 Nxe1 18.
Rxe1 Rfe8 19. Rd1 Ng4 20. Rxd8 Rxd8 21. h3 Bxc3 22. bxc3 Ne5 23. Bb2 Nc4 24. Bc1 f5 25. Rb1 b5 26. Rb4 a6 27. a4 Kf7 28. axb5 cxb5 29.
Rb1 Ke6 30. Ra1 a5 31. Ra2 Kd5 32. Ba3 Nxa3 33. Rxa3 a4 34. c4+ Kxc4 35. f3 Kb4 36. Ra2 Kc3 37. fxe4 fxe4 38. h4 Rd2+ 39. Kf1 Rxc2 40.
Ra3+ Kb4 41. Ra1 a3 42. Rb1+ Rb2 43. Rd1 a2 44. Rd4+ Ka5 0-1

[Event "Live Chess"]
[Site "Chess.com"]
[Date "2024.06.02"]
[Round "-"]
[White "Mikhail_Golubev"]
[Black "Mangoalo"]
[Result "1-0"]
[WhiteElo "2529"]
[BlackElo "1067"]
[TimeControl "300"]
[EndTime "20:31:25 PDT"]
[Termination "Mikhail_Golubev won by checkmate"]

1. e4 c6 2. Nf3 d5 3. Nc3 Bg4 4. h3 Bh5 5. g4 Bg6 6. exd5 cxd5 7. Ne5 Nc6 8. d4 Nxe5 9. dxe5 e6 10. Bb5+ Ke7 11. h4 h6 12. h5 Bh7 13. Be3 a6 14.
Bc5+ Qd6 15. exd6+ Kf6 16. Qf3+ Kg5 17. Be3# 1-0